 Dungeon Crawl Stone Soup version 0.28.0-45-g0d030f2227 (webtiles) character file.

Game seed: 241312343468744037

49 Revguard the Ducker (level 3, 0/28 HPs)
             Began as a Demonspawn Gladiator on Apr 11, 2022.
             Slain by a worm (3 damage)
             ... on level 1 of the Dungeon.
             The game lasted 00:04:31 (2584 turns).

Revguard the Ducker (Demonspawn Gladiator)          Turns: 2584, Time: 00:04:32

Health: 0/28       AC:  4    Str: 14    XL:     3   Next: 53%
Magic:  4/4        EV: 12    Int: 11    God:
Gold:   15         SH:  0    Dex: 14    Spells: 3/3 levels left

rFire   . . .      SeeInvis .   f - +0 dagger
rCold   . . .      Faith    .   (no shield)
rNeg    . . .      Spirit   .   b - +0 leather armour
rPois   .          Reflect  .   c - +0 helmet
rElec   .          Harm     .   (no cloak)
rCorr   +          Rampage  .   (no gloves)
Will    .....                   (no boots)
Stlth   +.........              (no amulet)
HPRegen 0.09/turn               g - ring of resist corrosion
MPRegen 0.09/turn               (no ring)

@: no status effects
A: demonic magic 1
a: no special abilities


You were on level 1 of the Dungeon.
You visited 1 branch of the dungeon, and saw 2 of its levels.

You collected 15 gold pieces.

Inventory:

Hand Weapons
 a - a +0 war axe
 f - a +0 dagger (weapon)
Missiles
 d - 3 throwing nets (quivered)
Armour
 b - a +0 leather armour (worn)
 c - a +0 helmet (worn)
Jewellery
 g - a ring of resist corrosion (left hand)
 h - an amulet of faith
Scrolls
 e - a scroll of noise


   Skills:
 + Level 2.3 Fighting
 + Level 0.3 Short Blades
 - Level 2.8 Axes
 - Level 1.7 Throwing
 * Level 1.4 Armour
 + Level 2.9 Dodging
 * Level 0.7 Stealth
 * Level 0.9 Spellcasting


You had 3 spell levels left.
You didn't know any spells.
Your spell library was empty.

Dungeon Overview and Level Annotations

Branches:
Dungeon (2/15)

Altars:


Innate Abilities, Weirdness & Mutations

Spells you cast may paralyse adjacent enemies.


Message History

You kill the hobgoblin!
There is a stone staircase leading down here.
There is a stone staircase leading down here.
You climb downwards.
There is a stone staircase leading up here.
The worm barely misses you.
You climb upwards.
There is a stone staircase leading down here.
You hit the worm.
The worm is lightly wounded.
The worm misses you.
You hit the worm.
The worm is lightly wounded.
You hit the worm but do no damage.
The worm is lightly wounded.
The worm bites you.
You hit the worm.
The worm is moderately wounded.
You barely miss the worm.
The worm is moderately wounded.
The worm bites you but does no damage.
You hit the worm.
The worm is moderately wounded.
The worm bites you!
You hit the worm but do no damage.
The worm is lightly wounded.
You hit the worm.
The worm is moderately wounded.
The worm bites you!
* * * LOW HITPOINT WARNING * * *
You hit the worm.
The worm is moderately wounded.
You hit the worm but do no damage.
The worm is moderately wounded.
The worm bites you.
* * * LOW HITPOINT WARNING * * *
You hit the worm.
The worm is heavily wounded.
The worm bites you.
You die...

### ###
#.#############.#
#...............#
#.###########.#.#
#.# #.....#########
#.# ##...).#.....#..
#.# #......#.###...#
##########.#
#####......#.#####.#
...........#
#..@w......#.#.....#
#.....###..#
#..#########.#####.#
#.#.#...#..#
#............# #..
#.......#..#
#.....######## #..
..#.#...#..# #.....#
#.# ### #......##..#
###'.## #.#
###....##.## ##.#
#.# #######.# #.#
#.# ###### #.# #.#
##.###.....


You could see a worm.

Vanquished Creatures
  An adder (D:2)
  2 dart slugs (D:1)
  3 bats (D:1)
  2 endoplasms (D:1)
  2 giant cockroaches (D:1)
  3 goblins (D:1)
  6 hobgoblins
  3 jackals (D:1)
  3 kobolds (D:1)
  6 ball pythons
  A frilled lizard (D:1)
  2 rats (D:1)
34 creatures vanquished.

Notes
Turn   | Place    | Note
-------+----------+-------------------------------------------
     0 | D:1      | Revguard the Demonspawn Gladiator began the quest for the
                  | Orb.
     0 | D:1      | Reached XP level 1. HP: 16/16 MP: 1/1
   213 | D:1      | Gained mutation: Spells you cast may paralyse adjacent
                  | enemies. [demonic ancestry]
   213 | D:1      | Reached XP level 2. HP: 17/22 MP: 2/2
   349 | D:1      | Reached skill level 1 in Armour
  1031 | D:1      | Reached XP level 3. HP: 24/27 MP: 3/3
  1432 | D:1      | Found a faded altar of an unknown god.
  2584 | D:1      | Slain by a worm

Illustrated notes

Levels and vault maps discovered:
D:1:      psy_arrival_fountain, layout_basic, serial_co_window_serial,
          co_window_of_opportunity_a, co_window_of_opportunity_a,
          co_window_corner_a, co_window_of_opportunity_a, co_window_paths_b,
          co_window_corner_b, co_window_paths_c, co_window_unsneaky_path_e,
          co_window_2corner, co_window_corner_b, co_window_2corner,
          co_window_sun, glass_columns_a, glass_columns_a,
          hellmonk_ecumenical_altar_crossroads, amcnicky_mini_pool_small,
          minmay_statues_item, grunt_decor_one_mirror
D:2:      layout_rooms, hangedman_feature_mirror

Skill      XL: |  1  2 |
---------------+-------+-----
Armour         | 1 |  1.4
Fighting       | |  2.3
Short Blades   | |  0.3
Axes           | |  2.8
Throwing       | |  1.7
Dodging        | |  2.9
Stealth        | |  0.7
Spellcasting   | |  0.9

Action                   || total
-------------------------++-------
Melee: War axe           ||    26
       Dagger            ||   140
       Punch             ||     2
  Use: Scroll            ||     1
Armor: Leather armour    ||    49
Dodge: Dodged            ||   108
